 Dungeon Crawl Stone Soup version 0.26.1-11-gd32895ea62 (webtiles) character file.

Game seed: 2370902633602645221

40 H0rd4k the Insei (level 3, 0/23 HPs)
             Began as an Octopode Transmuter on May 10, 2021.
             Slain by a hobgoblin (3 damage)
             ... on level 2 of the Dungeon.
             The game lasted 00:00:58 (1341 turns).

H0rd4k the Insei (Octopode Transmuter)              Turns: 1341, Time: 00:00:59

Health: 0/23       AC:  1    Str:  9    XL:     3   Next: 50%
Magic:  6/6        EV: 13    Int: 16    God:
Gold:   59         SH:  0    Dex: 12    Spells: 2/6 levels left

rFire    . . .     SeeInvis .     - Unarmed
rCold    . . .     Faith    .   (no shield)
rNeg     . . .     Spirit   .   (helmet restricted)
rPois    .         Reflect  .   (no amulet)
rElec    .         Harm     .   (no ring)
rCorr    .         Rampage  .   (no ring)
Will     .....                  (no ring)
Stlth    ++........             (no ring)
HPRegen  0.07/turn              (no ring)
MPRegen  0.10/turn              (no ring)
                                (no ring)
                                (no ring)

@: no status effects
A: almost no armour, stealthy swim, amphibious, 8 rings, constrict 8, camouflage
1, gelatinous body 1
a: no special abilities


You were on level 2 of the Dungeon.
You visited 1 branch of the dungeon, and saw 2 of its levels.

You collected 59 gold pieces.

Inventory:

Scrolls
 a - 4 scrolls of identify {unknown}
 b - 2 scrolls of remove curse {unknown}
 c - a scroll of magic mapping {unknown}
 d - 2 scrolls of teleportation {unknown}
 e - a scroll of blinking {unknown}
 j - a scroll of enchant weapon {unknown}
Potions
 f - a potion of heal wounds {unknown}
 g - a potion of resistance {unknown}
 h - a potion of lignification {unknown}
 i - 2 potions of curing {unknown}


   Skills:
 + Level 1.0 Fighting
 + Level 2.2 Dodging
 + Level 3.7 Unarmed Combat
 * Level 2.2 Spellcasting
 * Level 2.4 Transmutations
 * Level 0.3 Poison Magic


You had 2 spell levels left.
You knew the following spells:

 Your Spells              Type           Power        Failure   Level
a - Beastly Appendage     Tmut           18%          8%          1
b - Spider Form           Tmut/Pois      3%           34%         3

Your spell library contained the following spells:

 Spells                   Type           Power        Failure   Level
 Wereblood                Tmut           9%           11%         2
 Ice Form                 Ice/Tmut       5%           77%         4
 Blade Hands              Tmut           4%           90%         5


Dungeon Overview and Level Annotations

Branches:
Dungeon (2/15)

Altars:
Qazlal


Innate Abilities, Weirdness & Mutations

You cannot wear most types of armour.
You are very stealthy in the water. (Stealth+)
You are amphibious.
You can wear up to eight rings at the same time.
You can use your tentacles to constrict eight enemies at once.
Your skin changes colour to match your surroundings (Stealth+).
Your rubbery body absorbs attacks. (AC +1, EV +1)


Message History

You release your grip on the worm.
The hobgoblin shouts!
The worm misses you. The worm bites you.
An adder comes into view.
The worm misses you.
The adder hisses angrily.
You tentacle-slap the worm. You grab the worm.
The worm is lightly wounded.
You constrict the worm. The worm closely misses you.
You tentacle-slap the worm. You squeeze the worm.
The worm is severely wounded.
You constrict the worm. The worm bites you.
You tentacle-slap the worm. You squeeze the worm, but do no damage.
The worm is severely wounded.
You constrict the worm. The worm bites you!
* * * LOW HITPOINT WARNING * * *
You release your grip on the worm.
The hobgoblin closely misses you. The hobgoblin hits you.
You die...

........ ##_##
........ ##.#
.....# ##.##
...# #.##
#S#####.#
#†w)..#.#
#w###...# ###.#
##### #.@g#
#E#...#E#
###...###
..........#
#....._......
............###
######...####
#E#...#E#


You could see an earth elemental (dormant), a water elemental, a fire elemental
(dormant), an air elemental (dormant), 2 worms, an adder and a hobgoblin.

Vanquished Creatures
  A worm (D:2)
  3 giant cockroaches
  5 goblins (D:1)
  5 hobgoblins
  2 jackals (D:2)
  4 bats (D:1)
  A frilled lizard (D:2)
  9 kobolds
  3 rats (D:2)
33 creatures vanquished.

Notes
Turn   | Place    | Note
-------+----------+-------------------------------------------
     0 | D:1      | H0rd4k the Octopode Transmuter began the quest for the Orb.
     0 | D:1      | Reached XP level 1. HP: 13/13 MP: 3/3
   239 | D:1      | Reached XP level 2. HP: 18/18 MP: 5/5
  1031 | D:2      | Reached XP level 3. HP: 23/23 MP: 6/6
  1039 | D:2      | Learned a level 3 spell: Spider Form
  1306 | D:2      | Found a faded altar of an unknown god.
  1320 | D:2      | Found a stormy altar of Qazlal.
  1335 | D:2      | Noticed an earth elemental
  1341 | D:2      | Noticed a fire elemental
  1341 | D:2      | Noticed a water elemental
  1341 | D:2      | Noticed an air elemental
  1341 | D:2      | Slain by a hobgoblin

Illustrated notes

Levels and vault maps discovered:
D:1:      roderic_chinese_lattice_arrival, layout_rooms, minmay_tromino_v7
D:2:      lemuel_upstairs_altar, layout_basic, nicolae_qazlal_style_of_elements,
          minitemple, chequers_ecumenical_altar_twisty, grunt_decor_arrowhead,
          hex_tiny

Action                   || total
-------------------------++-------
Melee: Unarmed           ||    75
       Constrict         ||    24
       Tentacles         ||    18
       Punch             ||     2
 Stab: Sleeping          ||     3
Armor: Skin              ||     9
Dodge: Dodged            ||    42
